 Dungeon Crawl Stone Soup version 0.31-a0-1-g4198be8af4 (webtiles) character file.

Game seed: 17755816856368170872

27 GloriousHammer the Sneak (level 3, -1/18 HPs)
             Began as a Vine Stalker Brigand on May 2, 2023.
             Slain by a goblin
             ... wielding a +0 club
             ... led by Robin
              (3 damage)
             ... on level 2 of the Dungeon.
             The game lasted 00:02:04 (758 turns).

GloriousHammer the Sneak (Vine Stalker Brigand)      Turns: 758, Time: 00:02:04

Health: -1/18      AC:  3    Str: 13    XL:     3   Next: 10%
Magic:  0/4        EV: 11    Int: 11    God:
Gold:   96         SH:  0    Dex: 17    Spells: 2/2 levels left

rFire   . . .        a - +2 dagger
rCold   . . .        (no shield)
rNeg    . . .        b - +0 robe
rPois   .            (no helmet)
rElec   .            c - +0 cloak
rCorr   .            (no gloves)
SInv    .            (no boots)
Will    .....        (no amulet)
Stlth   +++          (no ring)
HPRegen 0.23/turn    (no ring)
MPRegen 0.09/turn

%: guardian spirit
@: no status effects
A: fangs 2, magic shield, antimagic bite, no potion heal 2
a: no special abilities


You were on level 2 of the Dungeon.
You visited 1 branch of the dungeon, and saw 2 of its levels.

You collected 96 gold pieces.

Inventory:

Hand Weapons
 a - a +2 dagger (weapon)
Missiles
 d - 9 poisoned darts (quivered)
 e - 3 curare-tipped darts
 g - 8 stones
Armour
 b - a +0 robe (worn)
 c - a +0 cloak (worn)
 j - a +0 ring mail
Potions
 h - a potion of curing {unknown}
 i - a potion of might {unknown}


   Skills:
 - Level 1.7 Fighting
 + Level 2.3 Short Blades
 + Level 2.3 Throwing
 - Level 0.7 Dodging
 + Level 5.3 Stealth


You had 2 spell levels left.
You didn't know any spells.
Your spell library was empty.

Dungeon Overview and Level Annotations

Branches:
Dungeon (2/15)

Altars:

Annotations:
D:2 Robin


Innate Abilities, Weirdness & Mutations

You have extremely sharp teeth.
When hurt, damage is shared between your health and your magic reserves.
Your bite disrupts and absorbs the magic of your enemies.
Potions cannot restore your health.


Message History

There is an open gate here.
You open the door.
There is an open door here.
Done exploring.
Done exploring.
Done exploring.
Done exploring.
Search for what [? for help]? .
Search for what [Enter for "."]? .
There is a dry fountain here.
You see here a +0 ring mail.
You start removing your armour.
You continue taking off your +0 robe. x4
You finish taking off your +0 robe.
You start putting on your armour.
You continue putting on your +0 ring mail. x5
You finish putting on your +0 ring mail.
You drop a +0 robe.
Unknown command.
You start removing your armour.
You continue taking off your +0 ring mail. x4
You finish taking off your +0 ring mail.
You start putting on your armour.
You continue putting on your +0 robe. x5
You finish putting on your +0 robe.
(D) Dungeon
Where to? (Enter - D:1 @ (x,y), ? - help)
There is an open gate here.
You see here a +0 dagger.
There is a stone staircase leading down here.
You climb downwards.
Found a faded altar of an unknown god.
There is a stone staircase leading up here.
Found a stone staircase leading down.
There is a faded altar of an unknown god here.
This altar belongs to (a) Kikubaaqudgha, (b) Fedhas or (c) Sif Muna, but you can't tell which.
Press the corresponding letter to learn more about a god, or press enter to convert or escape to cancel.
Okay, then.
The hobgoblin shouts!
The goblin shouts!
You hear a shout!
The ball python hisses angrily.
You hear a shout! x2
There is a stone staircase leading up here.
You climb upwards.
There is a stone staircase leading down here.
(D) Dungeon
Where to? (Enter - D:2, ? - help)
There is a stone staircase leading down here.
You climb downwards.
The hobgoblin shouts!
You hear a shout!
You hear an angry hiss.
There is a stone staircase leading up here.
You climb upwards.
There is a stone staircase leading down here.
You see here a quokka skeleton.
There is a stone staircase leading down here.
You climb downwards.
Found 7 stones.
There is a stone staircase leading up here.
The goblin shouts!
The goblin unwields a +0 dagger.
The goblin wields a +0 sling.
The goblin shoots a sling bullet.
The sling bullet hits you.
You hear a shout!
An adder comes into view.
You hear a shout!
The goblin shoots a sling bullet.
The sling bullet hits you.
The adder moves out of view.
You hear a shout! x3
The goblin shoots a sling bullet.
The sling bullet hits you.
You hear a shout! x2
Robin, 2 goblins and a worm come into view.
Robin is wielding a +0 short sword of speed.
Robin shouts!
Robin roars a battlecry!
The goblins go into a battle-frenzy!
A goblin comes into view. It is wielding a +0 dagger of venom.
The goblin shoots a sling bullet.
The sling bullet closely misses you.
The goblin shouts!
The hobgoblin shouts!
Robin throws the goblin at you! The goblin hits you with a +0 club.
The goblin shouts!
The goblin completely misses you.
The goblin unwields a +0 sling.
The goblin wields a +0 dagger.
The goblin barely misses you.
You hear a shout!
The hobgoblin shouts!
You hit the goblin. You bite the goblin, but do no damage.
The goblin is severely wounded.
The goblin hits you with a +0 club.
You hit the goblin.
You kill the goblin!
The goblin hits you with a +0 dagger. The goblin hits you but does no damage.
Robin throws the goblin at you!
The goblin unwields a +0 dagger.
The goblin wields a +0 sling.
The goblin shoots a sling bullet.
The sling bullet hits you.
* * * LOW HITPOINT WARNING * * *
The goblin hits you with a +0 club.
* * * LOW HITPOINT WARNING * * *
Things that are here:
a +0 dagger; a +2 sling of freezing; a goblin corpse
Okay, then.
As you read the scroll labelled RILOSOEMITH, it crumbles to dust.
You hear a loud clanging noise!
It was a scroll of noise.
You hear a shout! x9; You hear an angry hiss. x3
The goblin barely misses you. x2
The goblin attacks as you move away! The goblin misses you.
The goblin hits you with a +0 club.
You die...

#.......# #.......#
###.......## ...
........... ...
..........# ....
..........# .....
.........(# #.w...
...g....<#####......
#g###.##..@g#g....#.
#......)ggg.....
##.######g.g.... #.
.#g....g . .S ......
..


P#g ...g.. .. .#.. ......### #.. .# .g ....S#.. .. ##....gg#._ You could see a
gnoll (wandering), a hobgoblin (strong) and 6 goblins.

Vanquished Creatures
  A dart slug (D:1)
  2 bats (D:1)
  An endoplasm (D:1)
  A giant cockroach (D:1)
  6 goblins
  3 hobgoblins (D:1)
  A kobold (D:1)
  A quokka (D:1)
  A frilled lizard (D:1)
  4 rats (D:1)
21 creatures vanquished.

Vanquished Creatures (others)
  A plant (D:2)
1 creature vanquished.

Grand Total: 22 creatures vanquished

Notes
Turn   | Place    | Note
-------+----------+-------------------------------------------
     0 | D:1      | GloriousHammer the Vine Stalker Brigand began the quest for
                  | the Orb.
     0 | D:1      | Reached XP level 1. HP: 11/11 MP: 2/2
   186 | D:1      | Reached skill level 5 in Stealth
   186 | D:1      | Reached XP level 2. HP: 13/15 MP: 3/3
   476 | D:1      | Reached XP level 3. HP: 13/18 MP: 2/4
   709 | D:2      | Found a faded altar of an unknown god.
   752 | D:2      | Noticed Robin
   758 | D:2      | Slain by a goblin

Illustrated notes

Levels and vault maps discovered:
D:1:      sevenhm_arrival_forest_fort_large_2, layout_rooms
D:2:      cheibrodos_old_hovel, layout_rooms, nicolae_ecumenical_oubliette,
          basic_altar, uniq_natasha, uniq_robin

Skill      XL: |  1 |
---------------+----+-----
Short Blades   | 2 |  2.3
Throwing       | 2 |  2.3
Stealth        | 5 |  5.3
Fighting       | |  1.7
Dodging        | |  0.7

Action                     || total
---------------------------++-------
  Melee: Dagger            ||    42
         Bite              ||     7
         Punch             ||     2
    Use: Scroll            ||     1
   Stab: Sleeping          ||     7
 Armour: Robe              ||     7
  Dodge: Dodged            ||    31

Table legend: (Time is in decaauts)
 A = Elapsed time spent in this place.
 B = Non-inter-level travel time spent in this place.
 C = Inter-level travel time spent in this place.
 D = Time resting spent in this place.
 E = Time spent auto-exploring this place.
 F = Levels seen in this place.
 G = Mean time per level.
                   A        B        C        D        E       F      G
               +--------+--------+--------+--------+--------+-----+--------+
         Total |    754 |    666 |     88 |     10 |    443 |   2 |  377.0 |
       Dungeon |    754 |    666 |     88 |     10 |    443 |   2 |  377.0 |
               +--------+--------+--------+--------+--------+-----+--------+

Top non-repeatable levels by time:
     D:1: 736 daAuts
     D:2: 18 daAuts
